Description

Basic Build.

Build Order

Get SALT Encoding   

  17  0:46  Spawning Pool  
  18  1:14  Hatchery  
  17  1:20  Extractor  
  21  1:34  Overlord  
  23  1:47  Queen  2
  24  1:52  Zergling  
  36  3:15  Roach Warren  Check if they have a Second base
  44  3:56  Hatchery  Make spores or detection on one base
  50  4:15  Lair  
  50  4:20  Evolution Chamber  
Spawning Tool Build Advisor. Get it on Overwolf

Go to:

Details

  • Created by: anthonyC
  • Published on: Sep 02, 2021
  • Modified on: Sep 02, 2021
  • Patch: 4.11.0
  • Difficulty: Easy
Show
View Real Time Build Order
Export as new Build Order

Comments (0)

There are no comments. Be the first!

Create an account to comment!